 Dungeon Crawl Stone Soup version 0.28.0-53-g5a82cb258f (webtiles) character file.

Game seed: 13768665574350357125

132 Infinimo the Cudgeller (level 5, -5/55 HPs)
             Began as an Ogre Gladiator on May 28, 2022.
             Slain by a phantom (7 damage)
             ... on level 4 of the Dungeon.
             The game lasted 00:03:00 (3527 turns).

Infinimo the Cudgeller (Ogre Gladiator)             Turns: 3527, Time: 00:03:01

Health: -5/55      AC:  3    Str: 20    XL:     5   Next: 15%
Magic:  5/5        EV: 10    Int:  9    God:
Gold:   133        SH:  0    Dex: 10    Spells: 4/4 levels left

rFire   + . .      SeeInvis .   a - +0 flail
rCold   + . .      Faith    .   (no shield)
rNeg    . . .      Spirit   .   b - +0 robe
rPois   +          Reflect  .   c - +0 hat
rElec   +          Harm     .   (no cloak)
rCorr   +          Rampage  .   (gloves unavailable)
Will    .....                   (boots unavailable)
Stlth   +.........              (no amulet)
HPRegen 0.18/turn               (no ring)
MPRegen 0.09/turn               (no ring)

@: brilliant, resistant
A: large, unfitting armour, tough skin 1
a: no special abilities


You were on level 4 of the Dungeon.
You visited 1 branch of the dungeon, and saw 4 of its levels.

You collected 133 gold pieces.

Inventory:

Hand Weapons
 a - a +0 flail (weapon)
Missiles
 d - 3 throwing nets (quivered)
Armour
 b - a +0 robe (worn)
 c - a +0 hat (worn)
Jewellery
 l - a ring of protection from cold
Scrolls
 e - 4 scrolls of identify {unknown}
 f - a scroll of immolation {unknown}
 h - 2 scrolls of enchant weapon {unknown}
 i - 5 scrolls of teleportation {unknown}
 j - a scroll of enchant armour {unknown}
 k - a scroll of fog {unknown}
 n - 3 scrolls of fear {unknown}


   Skills:
 + Level 4.4 Fighting
 * Level 4.5 Maces & Flails
 - Level 2.0 Throwing
 - Level 2.6 Dodging


You had 4 spell levels left.
You didn't know any spells.
Your spell library was empty.

Dungeon Overview and Level Annotations

Branches:
Dungeon (4/15)
 Temple: D:4-7

Altars:


Innate Abilities, Weirdness & Mutations

You are too large for most types of armour.
You have tough skin. (AC +1)


Message History

The phantom hits you but does no damage.
You hit the phantom but do no damage.
The phantom is heavily damaged.
The phantom hits you!
* * * LOW HITPOINT WARNING * * *
The phantom blinks!
You blink.
There is a stone staircase leading up here.
It was a potion of heal wounds.
You feel much better. The phantom barely misses you.
You barely miss the phantom.
The phantom is heavily damaged.
The phantom hits you.
You miss the phantom.
The phantom is heavily damaged.
The phantom hits you!
It was a potion of brilliance.
You feel clever all of a sudden. The phantom hits you!
* * * LOW HITPOINT WARNING * * *
It was a potion of resistance.
You feel protected. The phantom hits you.
* * * LOW HITPOINT WARNING * * *
The phantom blinks!
You blink.
You closely miss the phantom.
The phantom is moderately damaged.
The phantom hits you!
* * * LOW HITPOINT WARNING * * *
You closely miss the phantom.
The phantom is moderately damaged.
The phantom barely misses you. The phantom hits you.
* * * LOW HITPOINT WARNING * * *
The phantom blinks!
You blink.
You barely miss the phantom.
The phantom is moderately damaged.
The phantom closely misses you.
You barely miss the phantom.
The phantom is moderately damaged.
The phantom hits you!
You die...

..... #.......#
....######+######..#
#....(.........#..#
#..............#...
#..............'...
#..............#..#
#.....##+##....#..#
#.....#...#....#...
#.@...#...'....#...
#.W...#...#....#..#
#.<...#...#....####
#.....#...#....#
########.....#...#....#
.^...........#...#....#
........<....#...#....#
..........[..#...#....#
.............#...#....#


You could see a phantom.

Vanquished Creatures
  6 adders
  A worm (D:2)
  An orc (D:3)
  2 bats
  7 endoplasms
  18 giant cockroaches
  2 hobgoblins
  4 jackals (D:1)
  10 ball pythons
  2 frilled lizards
  2 goblins
  4 kobolds
  9 rats
68 creatures vanquished.

Vanquished Creatures (others)
  5 plants (D:2)
5 creatures vanquished.

Grand Total: 73 creatures vanquished

Notes
Turn   | Place    | Note
-------+----------+-------------------------------------------
     0 | D:1      | Infinimo the Ogre Gladiator began the quest for the Orb.
     0 | D:1      | Reached XP level 1. HP: 22/22 MP: 1/1
   278 | D:1      | Found a faded altar of an unknown god.
   293 | D:1      | Reached XP level 2. HP: 21/31 MP: 2/2
  1157 | D:2      | Reached XP level 3. HP: 24/37 MP: 3/3
  2037 | D:2      | Reached XP level 4. HP: 45/48 MP: 4/4
  2617 | D:3      | Reached XP level 5. HP: 12/55 MP: 5/5
  3465 | D:4      | Noticed a phantom
  3465 | D:4      | Noticed an ogre
  3525 | D:4      | HP: 2/55 [phantom (3)]
  3527 | D:4      | Slain by a phantom

Illustrated notes

Levels and vault maps discovered:
D:1:      wander_arrival_estate, layout_loops_ring,
          ebering_ecumenical_altar_mist
D:2:      minmay_roachtagon, layout_basic, serial_forest,
          infiniplex_forest_lined_3, infiniplex_forest_end_1,
          infiniplex_forest_3_way, infiniplex_forest_clump_small,
          infiniplex_forest_straight_3, infiniplex_forest_clump_double,
          infiniplex_forest_end_2
D:3:      layout_loops_ring
D:4:      layout_gridville

Skill      XL: |  1  2  3  4 |
---------------+-------------+-----
Fighting       | 3 4 |  4.4
Maces & Flails | 3 4 |  4.5
Throwing       | |  2.0
Dodging        | |  2.6

Action                   |  1- 3 |  4- 6 || total
-------------------------+-------+-------++-------
Melee: Flail             |   121 |   152 ||   273
       Punch             |     1 |     3 ||     4
  Use: Potion            |       |     5 ||     5
Armor: Robe              |    32 |    54 ||    86
Dodge: Dodged            |    64 |    88 ||   152
